 Dungeon Crawl Stone Soup version 0.27-a0-823-g0efe349 (webtiles) character file.

Game seed: 12800800344137157101

285 Nithhogg the Cutter (level 6, -3/55 HPs)
             Began as a Kobold Gladiator on Mar 29, 2021.
             Was a Follower of Vehumet.
             Slain by an orc
             ... wielding a +0 war axe
              (4 damage)
             ... on level 5 of the Dungeon.
             The game lasted 00:16:59 (4970 turns).

Nithhogg the Cutter (Kobold Gladiator)              Turns: 4970, Time: 00:16:59

Health: -3/55      AC: 23    Str: 18    XL:     6   Next: 55%
Magic:  6/6        EV:  3    Int:  9    God:    Vehumet [*.....]
Gold:   205        SH:  0    Dex: 24    Spells: 4/5 levels left

rFire    . . .     SeeInvis .   s - +1 short sword (flame)
rCold    . . .     Faith    .   (shield restricted)
rNeg     + + +     Spirit   .   (armour currently unavailable)
rPois    +         Reflect  .   (helmet currently unavailable)
rElec    .         Harm     .   (cloak currently unavailable)
rCorr    .         Rampage  .   (gloves currently unavailable)
Will     .....     NoTele   +   (boots currently unavailable)
Stlth    ++........             (no amulet)
HPRegen  0.18/turn              n - +6 ring of dexterity
MPRegen  0.10/turn              e - +6 ring of strength

@: confused, mighty, lethally poisoned (-3 -> -9), tree-form, hasted, very quick
A: stationary, stasis, torment immunity, boosted hp, small, no large weapons,
nightstalker 3
a: Renounce Religion


You were on level 5 of the Dungeon.
You worshipped Vehumet.
Vehumet was aware of your devotion.
You were a tree.
You visited 1 branch of the dungeon, and saw 5 of its levels.

You collected 205 gold pieces.

Inventory:

Hand Weapons
 a - a +0 rapier
 m - a +4 dagger
 r - a +1 rapier of venom
 s - a +1 short sword of flaming (weapon)
Missiles
 d - 3 throwing nets
Armour
 b - a +0 leather armour (melded)
 c - a +0 helmet (melded)
Magical Staves
 j - a staff of cold
Jewellery
 e - a +6 ring of strength (right branch)
 n - a +6 ring of dexterity (left branch)
Scrolls
 k - a scroll of amnesia {unknown}
 l - a scroll of identify
 o - a scroll of enchant armour {unknown}
 p - 2 scrolls of teleportation {unknown}
 q - a scroll of fog {unknown}
Potions
 h - a potion of haste
 i - a potion of lignification
 t - a potion of mutation {unknown}


   Skills:
 - Level 3.6 Fighting
 + Level 5.4 Short Blades
 + Level 3.6 Throwing
 + Level 4.9 Dodging
 + Level 3.5 Stealth
 + Level 0.0 Spellcasting


You had 4 spell levels left.
You knew the following spells:

 Your Spells              Type           Power      Damage    Failure   Level
a - Foxfire               Conj/Fire      0%         2x1d4     38%         1

Your spell library contained the following spells:

 Spells                   Type           Power      Damage    Failure   Level


Dungeon Overview and Level Annotations

Branches:
Dungeon (5/15)             Temple (0/1) D:5

Altars:
Ashenzari
Cheibriados
Qazlal
Uskayaw
Vehumet
Wu Jian
Xom
Yredelemnul
Zin

Shops:
D:2 ?


Innate Abilities, Weirdness & Mutations

You are a tree.
Your roots penetrate the ground, keeping you stationary.
You cannot be teleported.
You are immune to unholy pain and torment.
Your maximum health is greatly increased.
Your equipment is partially melded.
You are small and have problems with some larger weapons.
You are completely attuned to the shadows.


Message History

The orc hits you but does no damage. Something hits you but does no damage.
You miss the orc wizard.
The orc wizard is almost dead.
You feel sick.
The orc wizard hits you but does no damage.
You swing at nothing.
You feel sick.
You hear some strange, mumbled words.
A puff of flame appears from out of thin air!
The puff of flame hits you.
* * * LOW HITPOINT WARNING * * *
The orc hits you but does no damage.
The orc wizard points at you and mumbles some strange words.
The magic dart hits you but does no damage.
It was a potion of haste.
You feel yourself speed up.
You feel sick. The orc hits you but does no damage.
Something hits you but does no damage.
The orc wizard gestures at itself while chanting.
The orc wizard flickers and vanishes!
You barely miss something.
You feel sick. The orc hits you but does no damage.
Something hits you but does no damage.
You swing at nothing.
Something hits you.
* * * LOW HITPOINT WARNING * * *
You swing at nothing.
You feel sick. The orc hits you but does no damage.
Something hits you but does no damage. x2
You are lethally poisoned!
You closely miss the orc.
You swing at nothing.
* * * LOW HITPOINT WARNING * * *
You feel sick. The orc hits you but does no damage.
Something hits you but does no damage.
You hear some strange, mumbled words.
You are more confused.
You swing at nothing.
* * * LOW HITPOINT WARNING * * *
You feel sick. The orc barely misses you.
Something hits you but does no damage.
You swing at nothing.
* * * LOW HITPOINT WARNING * * *
You feel sick. Something hits you but does no damage.
You swing at nothing.
The orc hits you with a +0 war axe.
You die...

########## ##.....#...
##.......... #...........
#........... #..<..{♣....
#.....{o.... #...........
..###...........
................
..###.#.....#.. ###.
....{###.############....
......#..###.......).o...
..........).....#####....


You could see an orc.

Vanquished Creatures
  An ogre (D:4)
  A hound (D:4)
  A jelly (D:4)
  A mummy (D:4)
  4 adders
  An adder skeleton (D:4)
  3 dart slugs
  5 orcs
  8 endoplasms
  5 giant cockroaches
  8 goblins
  3 hobgoblins
  7 jackals
  2 quokkas
  5 ball pythons
  6 bats
  2 frilled lizards
  13 kobolds
  An orc zombie (D:4)
  5 rats
82 creatures vanquished.

Vanquished Creatures (others)
  A kobold (D:3)
  18 foxfires
  2 plants (D:2)
21 creatures vanquished.

Grand Total: 103 creatures vanquished

Notes
Turn   | Place    | Note
-------+----------+-------------------------------------------
     0 | D:1      | Nithhogg the Kobold Gladiator began the quest for the Orb.
     0 | D:1      | Reached XP level 1. HP: 12/12 MP: 1/1
   129 | D:1      | Reached XP level 2. HP: 14/17 MP: 2/2
   473 | D:1      | Reached skill level 1 in Stealth
   739 | D:1      | Reached XP level 3. HP: 20/22 MP: 3/3
  1672 | D:2      | Reached XP level 4. HP: 24/27 MP: 4/4
  1777 | D:2      | Found a shimmering altar of Xom.
  1778 | D:2      | Found a radiant altar of Vehumet.
  1778 | D:2      | Found a snail-covered altar of Cheibriados.
  1780 | D:2      | Found a glowing silver altar of Zin.
  1780 | D:2      | Found a hide-covered altar of Uskayaw.
  1782 | D:2      | Found a broken altar of Ashenzari.
  1782 | D:2      | Found a basalt altar of Yredelemnul.
  1785 | D:2      | Found a stormy altar of Qazlal.
  1804 | D:2      | Became a worshipper of Vehumet
  1827 | D:2      | Found Pori's Magic Scroll Boutique.
  2924 | D:3      | Reached XP level 5. HP: 32/32 MP: 5/5
  3266 | D:4      | Found an ornate altar of the Wu Jian Council.
  3359 | D:4      | Noticed an ogre
  3593 | D:4      | Killed an ogre
  3594 | D:4      | Reached skill level 5 in Short Blades
  3594 | D:4      | Reached XP level 6. HP: 18/37 MP: 6/6
  4073 | D:4      | Reached * piety under Vehumet
  4073 | D:4      | Offered knowledge of Foxfire by Vehumet.
  4126 | D:4      | Learned a level 1 spell: Foxfire
  4251 | D:5      | Entered Level 5 of the Dungeon
  4275 | D:5      | Found a staircase to the Ecumenical Temple.
  4968 | D:5      | HP: 2/55 [poisoned by an orc wizard]
  4970 | D:5      | Slain by an orc

Illustrated notes

Levels and vault maps discovered:
D:1:      sevenhm_arrival_forest_fort_small_4, layout_loops_ring,
          hangedman_feature_mirror, hangedman_abyss_or_decor_stabs
D:2:      layout_rooms, grunt_temple_overflow_open, serial_forest,
          infiniplex_forest_straight_1, infiniplex_forest_straight_3,
          infiniplex_forest_lined_4_way, infiniplex_forest_lined_4_way,
          infiniplex_forest_clump_long, infiniplex_forest_clump_diagonal,
          infiniplex_forest_clump_double, infiniplex_forest_corner_1,
          infiniplex_forest_end_3, infiniplex_forest_straight_4, serial_shops,
          shop_scrolls, kennysheep_generic_room_6
D:3:      layout_rooms, amcnicky_mini_pool_small
D:4:      layout_basic, nzn_wu_jian_contemplation, minmay_mini_ossuary
D:5:      layout_rooms, makhleb_altar_promises_db, minmay_temple_entry_arrows

Skill      XL: |  1  2  3  4  5 |
---------------+----------------+-----
Stealth        | 1 2 3 |  3.5
Dodging        | 4 |  4.9
Fighting       | 3 |  3.6
Throwing       | 3 |  3.6
Short Blades   | 5 |  5.4

Action                   |  1- 3 |  4- 6 || total
-------------------------+-------+-------++-------
Melee: Rapier            |    98 |    22 ||   120
       Dagger            |       |    73 ||    73
       Short sword       |       |    30 ||    30
       Staff             |       |     3 ||     3
 Cast: Foxfire           |       |    10 ||    10
  Use: Scroll            |     1 |     1 ||     2
       Potion            |       |     5 ||     5
 Stab: Sleeping          |    13 |    12 ||    25
       Distracted        |     1 |     3 ||     4
Armor: Leather armour    |    25 |    15 ||    40
       Skin              |       |    23 ||    23
Dodge: Dodged            |    67 |    92 ||   159

Table legend: (Time is in decaauts)
 A = Elapsed time spent in this place.
 B = Non-inter-level travel time spent in this place.
 C = Inter-level travel time spent in this place.
 D = Time resting spent in this place.
 E = Time spent auto-exploring this place.
 F = Levels seen in this place.
 G = Mean time per level.
                   A        B        C        D        E       F      G
               +--------+--------+--------+--------+--------+-----+--------+
         Total |   4954 |   4905 |     49 |    896 |   3084 |   5 |  990.8 |
       Dungeon |   4954 |   4905 |     49 |    896 |   3084 |   5 |  990.8 |
               +--------+--------+--------+--------+--------+-----+--------+

Top non-repeatable levels by time:
     D:4: 1600 daAuts
     D:1: 1517 daAuts
     D:2: 879 daAuts
     D:3: 733 daAuts
     D:5: 223 daAuts
